 Dungeon Crawl Stone Soup version 0.21-a0-437-ge5bf024 (webtiles) character file.

3325 Madydog the Slicer (level 9, 0/78 (79) HPs)
             Began as a Minotaur Berserker on Nov 9, 2017.
             Was an Elder of Trog.
             Killed from afar by Maurice (22 damage)
             ... with a wand of acid (?/15)
             ... on level 8 of the Dungeon.
             The game lasted 00:19:56 (6232 turns).

Madydog the Slicer (Minotaur Berserker)             Turns: 6232, Time: 00:19:57

HP:   0/78 (79)     AC:  6    Str: 26    XL:     9   Next: 71%
MP:   8/8           EV: 11    Int:  9    God:    Trog [****..]
Gold: 253           SH: 11    Dex: 16    Spells: 8/8 levels left

rFire    . . .     SeeInvis .   w - +2 short sword (speed)
rCold    x . .     Gourm    .   F - +2 shield "Esses" {rC- Int+5 Dex+3}
rNeg     . . .     Faith    .   r - +0 scale mail
rPois    .         Spirit   .   (helmet restricted)
rElec    .         Reflect  .   (no cloak)
rCorr    .         Harm     .   l - +0 pair of gloves
MR       .....                  J - +0 pair of boots
Stlth    +.........             I - amulet of regeneration
HPRegen  0.63/turn              k - +4 ring of dexterity
MPRegen  0.11/turn              (no ring)

@: corroded
A: retaliatory headbutt, horns 2
a: Berserk, Trog's Hand, Brothers in Arms, Burn Spellbooks, Renounce Religion


You were on level 8 of the Dungeon.
You worshipped Trog.
Trog was greatly pleased with you.
You were not hungry.

You visited 1 branch of the dungeon, and saw 8 of its levels.

You collected 253 gold pieces.

Inventory:

Hand Weapons
 a - a +0 falchion
 o - a +0 flail of protection
 w - a +2 short sword of speed (weapon)
 B - a +0 hand axe of freezing
Armour
 b - a +0 animal skin
 l - a +0 pair of gloves (worn)
 r - a +0 scale mail (worn)
 F - the +2 shield "Esses" (worn) {rC- Int+5 Dex+3}
   (You found it on level 7 of the Dungeon)

   It affects your intelligence (+5).
   It affects your dexterity (+3).
   It makes you vulnerable to cold.
 J - a +0 pair of boots (worn)
Jewellery
 k - a +4 ring of dexterity (left hand)
 s - an uncursed ring of wizardry
 I - an amulet of regeneration (around neck)
Wands
 g - a wand of polymorph (2/24)
 v - a wand of lightning (6/15)
 z - a wand of paralysis (15/24)
 K - a wand of clouds (3/9)
Scrolls
 e - 3 scrolls of enchant armour
 f - 2 scrolls of blinking
 i - 3 scrolls of teleportation
 n - a scroll of vulnerability {unknown}
 q - a scroll of immolation
 u - 2 scrolls of identify
 x - 2 scrolls of fog {unknown}
 C - a scroll of remove curse
 D - a scroll of amnesia {unknown}
 G - a scroll of magic mapping
 H - a scroll of enchant weapon {unknown}
Potions
 j - a potion of lignification {unknown}
 p - a potion of flight {unknown}
 t - a potion of heal wounds
 A - a potion of haste {unknown}
 E - a potion of curing {unknown}
Books
 y - a book of Misfortune

   Spells                             Type                      Level
   a - Confusing Touch                Hexes                        1
   b - Confuse                        Hexes                        3
   c - Gell's Gravitas                Translocation                3
   d - Petrify                        Transmutation/Earth          4
   e - Metabolic Englaciation         Hexes/Ice                    5
   f - Yara's Violent Unravelling     Hexes/Transmutation          5
   Trog disapproves of the use of such an item.
Comestibles
 c - 10 bread rations
 d - 4 meat rations
 h - 3 royal jellies
 m - 2 fruits
 L - a chunk of flesh


   Skills:
 + Level 7.5 Fighting
 + Level 8.2(9.3) Short Blades
 + Level 7.1(9.2) Long Blades
 + Level 3.2 Maces & Flails
 + Level 6.9 Armour
 + Level 5.5 Dodging
 + Level 1.9 Stealth
 + Level 1.7 Shields
 + Level 2.3 Unarmed Combat


You had 8 spell levels left.
You didn't know any spells.

Dungeon Overview and Level Annotations

Branches:
Dungeon (8/15)             Temple (0/1) D:7
   Lair: D:8-11

Altars:
Ashenzari
Cheibriados
Dithmenos
Gozag
Okawaru
Sif Muna
Uskayaw
Vehumet
Yredelemnul
Zin
The Shining One

Annotations:
D:8 Maurice


Innate Abilities, Weirdness & Mutations

You reflexively headbutt those who attack you in melee.
You have a pair of horns on your head.


Message History

You are splashed with acid!
The acid burns!
It is a wand of acid (?/15).
You barely miss Maurice. You headbutt Maurice.
Maurice is lightly wounded.
You closely miss Maurice. Your headbutt misses Maurice.
Maurice is lightly wounded.
You block Maurice's attack.
You closely miss Maurice.
Maurice is lightly wounded.
You hit Maurice. You headbutt Maurice.
Maurice is moderately wounded.
Maurice gestures wildly while chanting.
Maurice blinks!
Maurice zaps a wand.
The bolt of acid hits you! The acid corrodes you!
You are splashed with acid!
The acid burns!
* * * LOW HITPOINT WARNING * * *
You are too injured to fight recklessly!
You are too injured to fight recklessly!
You are too injured to fight recklessly!
Maurice zaps a wand.
The bolt of acid hits you!
You die...

#......#.....
+............
#............
#...._.......
#...........
#........... .
#......# ...
#..##..#
.....##@.##..#
....@.....#..#
..........#..#
.....##..##..#
..... ##+##..#
...? #.<.# ...
##### ...


You could see Maurice.

Vanquished Creatures
  Grinder (D:3)
  A hippogriff (D:7)
  A spriggan (D:7)
  5 yaks (D:7)
  The ghost of Dysjunc the Ducker, an amateur GnGl (D:4)
  Menkaure (D:6)
  2 water moccasins
  Duvessa (D:6)
  An ice beast (D:6)
  An orc warrior (D:6)
  A necrophage (D:7)
  The ghost of Madydog the Slasher, an amateur DsBe of Trog (D:3)
  4 ogres
  A bullfrog (D:6)
  Dowan (D:6)
  A scorpion (D:7)
  3 howler monkeys
  A jelly (D:5)
  2 orc priests
  2 bullfrog skeletons (D:6)
  A centaur skeleton (D:7)
  2 hounds (D:6)
  2 orc wizards (D:5)
  3 worker ants
  A hound zombie (D:7)
  A hound skeleton (D:4)
  A gnoll (D:1)
  6 adders
  3 shadow imps
  An adder skeleton (D:7)
  A worm (D:2)
  4 dart slugs
  4 leopard geckos
  23 orcs
  4 giant cockroaches
  8 goblins
  10 hobgoblins
  7 jackals
  6 kobolds
  4 quokkas
  3 bats
  2 frilled lizards
  A quokka skeleton (D:4)
  A quokka zombie (D:5)
  6 rats
  A spectral orc (D:4)
138 creatures vanquished.

Vanquished Creatures (others)
  5 toadstools (D:1)
5 creatures vanquished.

Grand Total: 143 creatures vanquished

Notes
Turn   | Place    | Note
-------+----------+-------------------------------------------
     0 | D:1      | Madydog the Minotaur Berserker began the quest for the Orb.
     0 | D:1      | Reached XP level 1. HP: 19/19 MP: 0/0
    65 | D:1      | Reached XP level 2. HP: 27/27 MP: 1/1
   844 | D:2      | Reached XP level 3. HP: 25/33 MP: 2/2
  1261 | D:2      | Found a deep blue altar of Sif Muna.
  1832 | D:3      | Reached skill level 5 in Long Blades
  1832 | D:3      | Reached XP level 4. HP: 34/41 MP: 3/3
  1834 | D:3      | Reached ** piety under Trog
  1923 | D:3      | Noticed Grinder
  1944 | D:3      | Paralysed by Grinder for 3 turns
  1976 | D:3      | Paralysed by Grinder for 4 turns
  1984 | D:3      | Paralysed by Grinder for 3 turns
  1989 | D:3      | Killed Grinder
  1989 | D:3      | Reached skill level 5 in Fighting
  1989 | D:3      | Reached skill level 1 in Unarmed Combat
  1989 | D:3      | Reached XP level 5. HP: 20/48 MP: 4/4
  1989 | D:3      | Reached XP level 6. HP: 23/56 MP: 5/5
  2200 | D:3      | Noticed Madydog's ghost (amateur DsBe)
  2215 | D:3      | Killed Madydog's ghost
  2321 | D:3      | Reached skill level 1 in Stealth
  2435 | D:3      | Found an iron altar of Okawaru.
  2757 | D:4      | Reached XP level 7. HP: 61/61 MP: 6/6
  2816 | D:4      | Found an opulent altar of Gozag.
  2914 | D:4      | Found a basalt altar of Yredelemnul.
  2964 | D:4      | Reached skill level 1 in Maces & Flails
  3145 | D:4      | Found a hide-covered altar of Uskayaw.
  3147 | D:4      | Found a shattered altar of Ashenzari.
  3147 | D:4      | Noticed a dagger
  3148 | D:4      | Noticed a hand axe
  3157 | D:4      | Found a shattered altar of Ashenzari.
  3359 | D:4      | Noticed Dysjunc's ghost (amateur GnGl)
  3367 | D:4      | Killed Dysjunc's ghost
  3367 | D:4      | Reached skill level 1 in Short Blades
  3513 | D:4      | Found a glowing golden altar of the Shining One.
  3529 | D:5      | Entered Level 5 of the Dungeon
  3551 | D:5      | Reached skill level 2 in Short Blades
  3551 | D:5      | Reached XP level 8. HP: 70/70 MP: 7/7
  3594 | D:5      | Reached *** piety under Trog
  3974 | D:6      | Reached skill level 3 in Short Blades
  3989 | D:6      | Found a radiant altar of Vehumet.
  3990 | D:6      | Noticed Duvessa
  4002 | D:6      | Killed Duvessa
  4002 | D:6      | Reached skill level 4 in Short Blades
  4007 | D:6      | Noticed Dowan
  4038 | D:6      | Killed Dowan
  4038 | D:6      | Reached skill level 5 in Dodging
  4388 | D:6      | Found a glowing silver altar of Zin.
  4430 | D:6      | Noticed Menkaure
  4441 | D:6      | Killed Menkaure
  4441 | D:6      | Reached skill level 5 in Short Blades
  4441 | D:6      | Reached skill level 5 in Armour
  4631 | D:6      | Reached skill level 6 in Short Blades
  4984 | D:6      | Found a shadowy altar of Dithmenos.
  4985 | D:6      | Found a snail-covered altar of Cheibriados.
  4993 | D:6      | Reached XP level 9. HP: 53/78 MP: 8/8
  5361 | D:7      | Found an iron altar of Okawaru.
  5428 | D:7      | Got a slimy shield
  5434 | D:7      | Identified the +2 shield "Esses" {rC- Int+5 Dex+3} (You found it on level 7 of the Dungeon)
  5564 | D:7      | Reached **** piety under Trog
  5596 | D:7      | Reached skill level 7 in Short Blades
  5670 | D:7      | Found a staircase to the Ecumenical Temple.
  5811 | D:7      | Reached skill level 1 in Shields
  5830 | D:7      | Reached skill level 8 in Short Blades
  6216 | D:8      | Found a glowing golden altar of the Shining One.
  6221 | D:8      | Noticed Maurice
  6232 | D:8      | Killed from afar by Maurice

Vault maps used:
D:1:      ldierk_walled_garden, serial_bayou_lake_a
D:2:      marbit_many_paths
D:3:      lemuel_coloured_pillars_altar, nrook_uturn, uniq_grinder
D:4:      yredelemnul_forgotten_temple_becter, tso_oasis_becter,
          old_standard_altar, dancing_weapons_uskayaw,
          ashenzari_conservatory_becter, wad_floor_pattern_2,
          nicolae_ashenzari_panopticon
D:5:      nicolae_overflow_hidden_temple, first_bread, corexii_shack
D:6:      gammafunk_temple_overflow_forgotten, basic_altar, uniq_duvessa,
          uniq_menkaure
D:7:      temple_doors_e, basic_altar, the_bakery
D:8:      argonaut_augean_stables, elyvilon_altar_5, basic_altar, uniq_psyche,
          uniq_maurice

Skill      XL: |  1  2  3  4  5  6  7  8  9 |
---------------+----------------------------+-----
Fighting       | 4 5 6 7 |  7.5
Long Blades    | 4 5 6 7 |  7.1
Dodging        | 3 4 5 |  5.5
Unarmed Combat | 1 2 |  2.3
Armour         | 3 4 5 6 |  6.9
Stealth        | 1 |  1.9
Maces & Flails | 3 |  3.2
Short Blades   | 2 6 8 |  8.2
Shields        | 1 |  1.7

Action                   |  1- 3 |  4- 6 |  7- 9 || total
-------------------------+-------+-------+-------++-------
Melee: Falchion          |    66 |    43 |       ||   109
       Headbutt          |    12 |    14 |    89 ||   115
       Unarmed           |       |    28 |       ||    28
       Flail             |       |    18 |    11 ||    29
       Short sword       |       |       |   282 ||   282
       Punch             |       |       |     4 ||     4
Invok: Berserk           |       |     1 |     2 ||     3
  Use: Scroll            |       |     4 |     3 ||     7
  Eat: Chunk             |     3 |     4 |     9 ||    16
       Bread ration      |       |       |     1 ||     1
Armor: Animal skin       |    11 |     1 |       ||    12
       Skin              |       |     8 |       ||     8
       Scale mail        |       |    18 |    50 ||    68
Dodge: Dodged            |    33 |    84 |    78 ||   195
Block: Shield            |       |       |    29 ||    29
       Rpst.: Falchion   |    10 |     9 |       ||    19

Table legend:
 A = Spawn XP
 B = Non-spawn XP
 C = Spawn XP percentage of total XP
 D = Spawn monster count
 E = Non-spawn monster count
 F = Spawn count percentage of total count
 G = Total turns spent on level
                    A         B        C        D         E        F      G
               +---------+---------+-------+---------+---------+-------+---------
         Total |       0 |    4751 |   0.0 |       0 |     138 |   0.0 |  6232
               +---------+---------+-------+---------+---------+-------+---------
           D:1 |       0 |      40 |   0.0 |       0 |      14 |   0.0 |   831
           D:2 |       0 |      34 |   0.0 |       0 |      10 |   0.0 |   724
           D:3 |       0 |     543 |   0.0 |       0 |      37 |   0.0 |  1153
           D:4 |       0 |     753 |   0.0 |       0 |      22 |   0.0 |   821
           D:5 |       0 |     243 |   0.0 |       0 |      14 |   0.0 |   404
           D:6 |       0 |    1232 |   0.0 |       0 |      24 |   0.0 |  1410
           D:7 |       0 |    1906 |   0.0 |       0 |      17 |   0.0 |   870
               +---------+---------+-------+---------+---------+-------+---------
